 Dungeon Crawl Stone Soup version 0.17.2-1-ge4368a0 (webtiles) character file.

708 Goblin1989 the Cudgeler (level 7, -2/35 HPs)
             Began as a Vine Stalker Fighter on Dec 3, 2016.
             Was a Believer of Jiyva.
             Killed from afar by an orc wizard (5 damage)
             ... with a magic dart
             ... on level 6 of the Dungeon.
             The game lasted 00:11:29 (3724 turns).

Goblin1989 the Cudgeler (Vine Stalker Fighter)      Turns: 3724, Time: 00:11:29

Health: -2/35      AC:  8    Str: 21    XL:     7   Next: 67%
Magic:  0/8        EV:  7    Int:  8    God:    Jiyva [**....]
Gold:   201        SH:  9    Dex: 13    Spells: 0 memorised, 6 levels left

rFire  . . .     SeeInvis .     a - +0 flail
rCold  . . .     Clarity  .     b - +0 scale mail
rNeg   . . .     SustAt   .     c - +0 shield
rPois  .         Gourm    .     (no helmet)
rElec  .         Spirit   +     u - +0 cloak
rCorr  +         Warding  .     f - +0 pair of gloves (curse)
rMut   .         Stasis   .     (no boots)
MR     .....                    g - amulet of resist corrosion
Stlth  ..........               (no ring)
                                (no ring)

@: not resistant to hostile enchantments, extremely unstealthy
A: fangs 2, regeneration 2, magic shield, antimagic bite, no device heal 3, rot
immunity
a: Request Jelly, Jelly Paralyse, Renounce Religion


You were on level 6 of the Dungeon.
You worshipped Jiyva.
Jiyva was pleased with you.
You were not hungry.

You visited 2 branches of the dungeon, and saw 7 of its levels.

You collected 201 gold pieces.

Inventory:

Hand Weapons
 a - a +0 flail (weapon)
Missiles
 Z - a throwing net {=f, !d}
Armour
 b - a +0 scale mail (worn)
 c - a +0 shield (worn)
 f - a cursed +0 pair of gloves (worn)
 u - a +0 cloak (worn)
Jewellery
 d - the ring of Beogh's Castigation {+/*Tele Str+2, unknown}
   (You took it off an orc priest on level 4 of the Dungeon)

   [ring of teleportation]

   It may teleport you next to monsters, and can be evoked to randomly teleport.
   It affects your strength (+2).
 g - an amulet of resist corrosion (around neck)
 q - a ring of fire
Scrolls
 h - 2 scrolls of magic mapping {unknown}
 i - 3 scrolls of remove curse {unknown}
 j - a scroll of immolation {unknown}
 k - 4 scrolls of identify {unknown}
 n - a scroll of fear {unknown}
 v - 3 scrolls of teleportation {unknown}
Potions
 l - a potion of lignification {unknown}
 o - a potion of haste {unknown}
 p - 2 potions of brilliance {unknown}
 s - 2 potions of agility {unknown}
 w - a potion of degeneration {unknown}
 x - 2 potions of flight {unknown}
 A - a potion of heal wounds {unknown}
Books
 r - a book of the Warp

   Spells                             Type                      Level
   a - Recall                         Summoning/Translocation      3
   b - Gell's Gravitas                Hexes/Translocation          3
   c - Force Lance                    Conjuration/Translocation    4
   d - Phase Shift                    Translocation                5
   e - Warp Weapon                    Charms/Translocation         5
   f - Summon Forest                  Summoning/Translocation      5
Comestibles
 e - 3 bread rations {@e1}
 t - a slice of pizza
 z - a meat ration {@e2}


   Skills:
 - Level 2.6 Fighting
 + Level 7.7 Maces & Flails
 - Level 2.4 Armour
 - Level 2.6 Shields


You had 6 spell levels left.
You didn't know any spells.

Dungeon Overview and Level Annotations

Branches:
Dungeon (6/15)             Temple (1/1) D:4

Altars:
Ashenzari
Cheibriados
Dithmenos
Elyvilon
Fedhas
Makhleb
Okawaru
Ru
Trog
Xom
Yredelemnul
Zin
The Shining One
Jiyva


Innate Abilities, Weirdness & Mutations

You have extremely sharp teeth.
You heal very quickly.
When hurt, damage is shared between your health and your magic reserves.
Your bite disrupts and absorbs the magic of your enemies.
Potions and wands cannot restore your health.
You are immune to rotting.


Message History

The puff of flame hits you! The orc priest barely misses you.
Something hits you.
* * * LOW HITPOINT WARNING * * *
The orc priest hits you but does no damage.
Things that are here:
a club; a chain mail; an orc corpse You take 2 damage, and have 4/35 hp.
You now have 2/8 mp.
You closely miss the orc priest.
You bite the orc priest, but do no damage.
Something hits you.
* * * LOW HITPOINT WARNING * * *
The orc priest hits you with a trident.
You take 2 damage, and have 2/35 hp.
You now have 1/8 mp.
Unknown command.
You hit the orc priest.
The orc priest is lightly wounded.
You hear some strange, mumbled words.
A magic dart appears from out of thin air!
The magic dart hits you!
You die...

..██....█ █...
██.██
..████..███
███.. █..█ ..█
█....██ █. ██.█
███ ██.█..██ ..
█.██ █..█..██
█..█ ██.█...████
██.█ █........██
█.██ █......█.{█
█..█
██.....██@███
██..
█.......o..███..
██.
██.....█.......█
██
██....██......█
█ ███...████████
█
.████)█..██████


████ .......S....... ..... .████..█..█████ .████ ..........█ You could see an
orc priest.

Vanquished Creatures
  The ghost of magipi the Slasher, an amateur DEBe of Trog (D:4)
  An orc warrior (D:6)
  A sky beast (D:6)
  A giant frog zombie (D:6)
  2 orc priests (D:4)
  A hound (D:4)
  4 orc wizards
  2 worker ants
  3 gnolls (D:4)
  2 adders (D:4)
  An adder skeleton (D:4)
  4 worms
  2 giant geckos
  7 orcs
  7 bats
  8 hobgoblins
  4 jackals (D:4)
  8 kobolds
  A quokka (D:4)
  3 ball pythons
  3 giant cockroaches
  7 giant newts
  4 goblins
  5 rats
82 creatures vanquished.

Vanquished Creatures (others)
  A jelly (D:5)
  An orc wizard (D:6)
  An iguana (D:4)
  2 adders
  A shadow imp (D:5)
  An adder skeleton (D:5)
7 creatures vanquished.

Grand Total: 89 creatures vanquished

Notes
Turn   | Place    | Note
--------------------------------------------------------------
     0 | D:1      | Goblin1989 the Vine Stalker Fighter began the quest for the Orb.
     0 | D:1      | Reached XP level 1. HP: 11/11 MP: 2/2
    10 | D:1      | jacquesderrida: Щитоносный гремлин
    38 | D:1      | Goblin1989: ты что, выслеживал меня???
    46 | D:1      | jacquesderrida: Да
    55 | D:1      | Goblin1989: lol
    85 | D:1      | jacquesderrida: Сталкерил
    88 | D:1      | jacquesderrida: Ждал, когда гремлин залогинится........
   294 | D:1      | Reached XP level 2. HP: 16/16 MP: 3/3
   645 | D:2      | Goblin1989: кстати о никообразовании
   645 | D:2      | Goblin1989: я не имею ничего общего с гремлинами
   645 | D:2      | Goblin1989: они страшные
   645 | D:2      | jacquesderrida: Фильм спилберга не смотрел, что ли
   645 | D:2      | Goblin1989: а мой гоблин мимимишный зелененький
   645 | D:2      | jacquesderrida: МОГВАЙ, вот это все
   645 | D:2      | Goblin1989: смотрел немного
   645 | D:2      | jacquesderrida: Это гоблины уродливые же, к тому же детей жрут, скот воруют и теде
   645 | D:2      | jacquesderrida: :\
   645 | D:2      | Goblin1989: мой гоблин из произведений Пехова
   645 | D:2      | Goblin1989: он не такой
   645 | D:2      | Goblin1989: он веселый
   645 | D:2      | jacquesderrida: vo daet
   645 | D:2      | Goblin1989: клоун-весельчак, добряк и любитель всяких приколюх
   668 | D:1      | Reached skill level 3 in Maces & Flails
   702 | D:2      | Reached XP level 3. HP: 17/19 MP: 4/4
  1483 | D:3      | Found a glowing golden altar of the Shining One.
  1720 | D:3      | Reached XP level 4. HP: 23/23 MP: 5/5
  1935 | D:4      | Reached skill level 4 in Maces & Flails
  2031 | D:4      | Noticed magipi's ghost (amateur DEBe)
  2048 | D:4      | Reached XP level 5. HP: 19/27 MP: 4/6
  2057 | D:4      | Reached skill level 5 in Maces & Flails
  2061 | D:4      | Killed magipi's ghost
  2061 | D:4      | Gained mutation: You heal very quickly. [Vine Stalker growth]
  2061 | D:4      | Reached XP level 6. HP: 22/32 MP: 7/7
  2080 | D:4      | Found a staircase to the Ecumenical Temple.
  2086 | D:4      | Reached skill level 6 in Maces & Flails
  2098 | D:4      | Got a transparent steel ring
  2106 | Temple   | Entered the Ecumenical Temple
  2144 | Temple   | jacquesderrida: ooooo
  2196 | Temple   | jacquesderrida: super sekretny temple
  2218 | Temple   | Became a worshipper of Jiyva Jida the Shapeless
  2221 | Temple   | jacquesderrida: o.o
  2349 | D:4      | Reached * piety under Jiyva
  2350 | D:4      | jacquesderrida: GOBLENG, KOLTSO
  2590 | D:4      | Found a burning altar of Makhleb.
  2958 | D:5      | Entered Level 5 of the Dungeon
  2978 | D:5      | Found an iron altar of Okawaru.
  3069 | D:5      | Found a shadowy altar of Dithmenos.
  3091 | D:5      | Found a white marble altar of Elyvilon.
  3353 | D:5      | Reached XP level 7. HP: 35/35 MP: 8/8
  3549 | D:6      | Reached skill level 7 in Maces & Flails
  3682 | D:6      | Reached ** piety under Jiyva
  3724 | D:6      | Killed from afar by an orc wizard

Action                   |  1- 3 |  4- 6 |  7- 9 || total
-------------------------+-------+-------+-------++-------
Melee: Flail             |   147 |    84 |    65 ||   296
  Use: Potion            |       |     1 |       ||     1
  Eat: Chunk             |     2 |     3 |       ||     5
       Fruit             |       |     2 |     5 ||     7

Vault maps used:
D:1:      evilmike_arrival_come_back, minmay_misc_feat_iff
D:2:      first_bread
D:3:      nicolae_tso_carved_into_rock
D:4:      lightli_temple_of_fire, minmay_temple_entry_purple_smoke
D:5:      okawaru_metal_pillars_1_2, grunt_dithmenos_smoke, elyvilon_altar_4
D:6:      nicolae_qazlal_general_emergency
Temple:   pf_slimified_temple
